 Dungeon Crawl Stone Soup version 0.27-a0-242-ge0fc76b88b (webtiles) character file.

Game seed: 9235327309234472379

75 Borgoz the Slasher (level 4, -1/38 HPs)
             Began as a Ghoul Gladiator on Feb 2, 2021.
             Slain by an orc
             ... wielding a +0 short sword
              (3 damage)
             ... on level 2 of the Dungeon.
             The game lasted 00:01:44 (1990 turns).

Borgoz the Slasher (Ghoul Gladiator)                Turns: 1990, Time: 00:01:45

Health: -1/38      AC:  4    Str: 17    XL:     4   Next: 31%
Magic:  3/3        EV: 12    Int:  3    God:
Gold:   118        SH:  0    Dex: 11    Spells: 3/3 levels left

rFire    + . .     SeeInvis .   a - +0 long sword
rCold    + . .     Faith    .   (no shield)
rNeg     + + +     Spirit   .   b - +0 leather armour
rPois    ∞         Reflect  .   c - +0 helmet
rElec    .         Harm     .   (no cloak)
rCorr    .         Rampage  .   (no gloves)
Will     .....     Rnd*Tele +   (no boots)
Stlth    +.........             (no amulet)
HPRegen  0.00/turn              e - ring of protection from fire
MPRegen  0.08/turn              n - ring of teleportation (curse)

@: brilliant, very slow
A: claws 1, cold resistance 1, negative energy resistance 3, inhibited
regeneration, torment resistance, unbreathing
a: no special abilities


You were on level 2 of the Dungeon.
You visited 1 branch of the dungeon, and saw 2 of its levels.

You collected 118 gold pieces.

Inventory:

Hand Weapons
 a - a +0 long sword (weapon)
Missiles
 d - 3 throwing nets (quivered)
Armour
 b - a +0 leather armour (worn)
 c - a +0 helmet (worn)
Jewellery
 e - a ring of protection from fire (left claw)
 n - a cursed ring of teleportation (right claw)
Scrolls
 j - a scroll of fear
 m - a scroll of amnesia
Potions
 f - a potion of attraction
 l - a potion of degeneration
 o - a potion of invisibility {unknown}


   Skills:
 + Level 3.3 Fighting
 + Level 3.4 Long Blades
 - Level 1.7 Throwing
 + Level 3.4 Dodging


You had 3 spell levels left.
You didn't know any spells.
Your spell library was empty.

Dungeon Overview and Level Annotations

Branches:
Dungeon (2/15)

Altars:


Innate Abilities, Weirdness & Mutations

You thrive by killing the living.
You are immune to poison.
You have sharp fingernails.
Your flesh is cold resistant. (rC+)
You are immune to negative energy. (rN+++)
You do not regenerate when monsters are visible.
You are immune to unholy pain and torment.
You can survive without breathing.


Message History

* * * LOW HITPOINT WARNING * * *
The orc hits you but does no damage. The rat bites you.
* * * LOW HITPOINT WARNING * * *
You slash the orc priest!
The orc priest is heavily wounded.
The adder bites you.
* * * LOW HITPOINT WARNING * * *
The orc completely misses you. The rat closely misses you.
The frilled lizard misses you. The orc closely misses you.
You riposte.
You closely miss the orc.
The orc is moderately wounded.
The orc priest hits you with a +0 war axe.
* * * LOW HITPOINT WARNING * * *
The rat splashes around in the water.
The adder barely misses you.
It was a potion of brilliance.
You feel clever all of a sudden. The rat closely misses you.
The orc hits you but does no damage.
The frilled lizard bites you but does no damage.
The orc hits you with a +0 short sword.
You die...

#..#.# ..............#..####.#
###.#.###########.###........#.#
...............##.###..#..####.##
.##...########.##......#.........
##..# #............####.## #..#
#############...###.## #..#
##≈≈≈≈≈≈≈≈## #.#....... .# #..#
##≈≈≈≈ooS≈≈≈###......... .# ##.#
#≈≈≈≈≈o@r≈≈≈≈##.......## .# #.#
≈≈≈≈≈≈l≈r≈≈≈≈≈###.##..# .# #.#
≈≈≈≈≈≈≈≈≈≈≈≈≈≈≈##.##).# .#
≈≈≈≈≈≈≈≈≈≈≈≈≈≈≈≈#.##..## .#
≈≈≈≈≈≈≈≈≈≈≈≈≈≈≈≈#.##.... .####.#
≈≈≈≈≈♣..♣≈≈≈≈≈≈≈#.##.### ......+
......♣♣[≈≈≈≈≈≈≈#....# ..###.+
...... (≈≈≈≈≈≈≈#.###### ..#
#......#


You could see an orc priest, an adder, 2 orcs, a frilled lizard and 2 rats.

Vanquished Creatures
  4 adders (D:2)
  An ooze (D:2)
  A worm (D:2)
  A giant cockroach (D:1)
  2 goblins
  A hobgoblin (D:1)
  7 kobolds
  2 quokkas (D:2)
  6 bats
  4 frilled lizards
  9 rats
38 creatures vanquished.

Notes
Turn   | Place    | Note
-------+----------+-------------------------------------------
     0 | D:1      | Borgoz the Ghoul Gladiator began the quest for the Orb.
     0 | D:1      | Reached XP level 1. HP: 17/17 MP: 0/0
   289 | D:1      | Reached XP level 2. HP: 24/25 MP: 1/1
   957 | D:2      | Reached XP level 3. HP: 23/30 MP: 2/2
  1333 | D:2      | Reached XP level 4. HP: 20/38 MP: 3/3
  1715 | D:2      | Found a faded altar of an unknown god.
  1990 | D:2      | Slain by an orc

Illustrated notes

Levels and vault maps discovered:
D:1:      scummos_arrival_forest, layout_loops_ring, corner_web_ring
D:2:      kennysheep_big_flooded_room, layout_basic,
          chequers_ecumenical_altar_grove, minmay_heptomino_d4

Skill      XL: |  1  2  3 |
---------------+----------+-----
Long Blades    | 3 |  3.4
Dodging        | 3 |  3.4
Fighting       | 3 |  3.3
Throwing       | |  1.7

Action                   |  1- 3 |  4- 6 || total
-------------------------+-------+-------++-------
Melee: Long sword        |    96 |    29 ||   125
  Use: Scroll            |       |     5 ||     5
       Potion            |       |     2 ||     2
Armor: Leather armour    |    38 |    21 ||    59
Dodge: Dodged            |    73 |    39 ||   112
       Rpst.: Long sword |    23 |    11 ||    34

Table legend: (Time is in decaauts)
 A = Elapsed time spent in this place.
 B = Non-inter-level travel time spent in this place.
 C = Inter-level travel time spent in this place.
 D = Time resting spent in this place.
 E = Time spent auto-exploring this place.
 F = Levels seen in this place.
 G = Mean time per level.
                   A        B        C        D        E       F      G
               +--------+--------+--------+--------+--------+-----+--------+
         Total |   2020 |   2006 |     14 |    275 |   1451 |   2 | 1010.0 |
       Dungeon |   2020 |   2006 |     14 |    275 |   1451 |   2 | 1010.0 |
               +--------+--------+--------+--------+--------+-----+--------+

Top non-repeatable levels by time:
     D:2: 1067 daAuts
     D:1: 952 daAuts
